 Seeded DCSS version 0.30-a0-779-g7971cf19c3 (webtiles) character file.

Game seed: 8796237800415217726 (custom seed)

2 BigDaddyOpFi the Digger (level 1, 0/10 HPs)
             Began as a Deep Elf Earth Elementalist on Feb 17, 2023.
             Slain by a rat (2 damage)
             ... on level 1 of the Dungeon.
             The game lasted 00:00:42 (132 turns).

BigDaddyOpFi the Digger (DEEE)                       Turns: 132, Time: 00:00:42

Health: 0/10       AC:  2    Str:  8    XL:     1   Next: 25%
Magic:  4/6        EV: 12    Int: 19    God:
Gold:   1999       SH:  0    Dex: 15    Spells: 5/6 levels left

rFire   . . .      SeeInvis .    f - +8 rapier of Transparent Conscience {heavy, Str+3}
rCold   . . .      Faith    .    (no shield)
rNeg    . . .      Spirit   .    a - +0 robe
rPois   .          Reflect  .    (no helmet)
rElec   .          Harm     .    (no cloak)
rCorr   .          Rampage  .    (no gloves)
Will    .....                    (no boots)
Stlth   ++                       (no amulet)
HPRegen 0.21/turn                (no ring)
MPRegen 0.10/turn                (no ring)

@: very slightly contaminated
A: no striking features
a: no special abilities


You were on level 1 of the Dungeon.
You visited 1 branch of the dungeon, and saw 1 of its levels.

You collected 1999 gold pieces.

Inventory:

Hand Weapons
 f - the +8 rapier of Transparent Conscience (weapon) {heavy, Str+3}
   (You acquired it on level 1 of the Dungeon)

   Str:       It affects your strength (+3).
Armour
 a - a +0 robe (worn)
Potions
 b - 2 potions of magic
 c - a potion of curing {unknown}
 d - a potion of attraction {unknown}
 e - a potion of berserk rage {unknown}


   Skills:
 + Level 2.4 Dodging
 + Level 2.4 Stealth
 + Level 3.0 Spellcasting
 + Level 1.1 Transmutations
 + Level 3.3 Earth Magic


You had 5 spell levels left.
You knew the following spells:

 Your Spells              Type           Power      Damage    Failure   Level
a - Sandblast             Erth           30%        2d9       3%          1

Your spell library contained the following spells:

 Spells                   Type           Power      Damage    Failure   Level
 Passwall                 Tmut/Erth      9%         N/A       9%          2
 Stone Arrow              Conj/Erth      18%        3d8       22%         3
 Petrify                  Tmut/Erth      11%        N/A       52%         4


Dungeon Overview and Level Annotations

Branches:
Dungeon (1/15)

Altars:

Shops:
D:1 :


Message History

Found a whip.
A ball python is nearby!
Found 20 gold pieces.
The ball python hisses angrily. 2 rats come into view.
You puncture the ball python!
You kill the ball python!
A bat comes into view.
You see here a ball python corpse.
The rat barely misses you. x2
You barely miss the bat. The bat hits you. The bat misses you.
The rat barely misses you. The rat bites you but does no damage.
The rat barely misses you. The rat bites you.
You closely miss the bat. The bat closely misses you.
The rat closely misses you. The rat barely misses you.
The bat hits you but does no damage.
You miss the bat. The bat hits you but does no damage.
The rat twitches its whiskers.
The rat bites you. x2; The rat closely misses you.
The rat bites you.
* * * LOW HITPOINT WARNING * * *
The bat hits you but does no damage.
You are too injured to fight recklessly!
You are too injured to fight recklessly!
Okay, then.
You aren't carrying any scrolls.
Aiming: Sandblast (safe; 3% risk of failure)
Press: ? - help, Q - select action Shift-Dir - straight line, f - bat
Aim: a bat (73% to hit)
You miscast Sandblast.
You are very lightly contaminated with residual magic.
Nothing appears to happen.
The bat misses you. The rat bites you but does no damage.
The rat completely misses you.
Aiming: Sandblast (safe; 3% risk of failure)
Press: ? - help, Q - select action Shift-Dir - straight line, f/p - bat
Aim: a bat (73% to hit)
The blast of sand hits the bat!
You kill the bat!
The rat bites you.
You die...

#..
#.####...##
#.. #.# ##...#
... #.# ##..#
#.# #..# #.#
####..##
#.###......##
#.##........##
..#.......†..#
#.......@..#
#.......rr.#
.....†.....#
.....).....#
#....$...##
..........
..........
..........#


You could see 2 rats.

Vanquished Creatures
  2 ball pythons (D:1)
  A bat (D:1)
  A rat (D:1)
4 creatures vanquished.

Notes
Turn   | Place    | Note
-------+----------+-------------------------------------------
     0 | D:1      | BigDaddyOpFi the Deep Elf Earth Elementalist began the
                  | quest for the Orb.
     0 | D:1      | Reached XP level 1. HP: 10/10 MP: 6/6
    69 | D:1      | Found Veoliky's Book Emporium.
    90 | D:1      | Identified 3 scrolls of acquirement
    90 | D:1      | Acquired 1092 gold pieces
    92 | D:1      | Acquired 888 gold pieces
    94 | D:1      | Acquired the +8 rapier of Transparent Conscience {heavy,
                  | Str+3}
   132 | D:1      | Slain by a rat

Illustrated notes

Levels and vault maps discovered:
D:1:      heliophobic_arrival_henge, layout_rooms, serial_shops, shop_statue

Action                     || total
---------------------------++-------
  Melee: Rapier            ||     4
   Cast: Sandblast         ||     3
    Use: Scroll            ||     3
 Armour: Robe              ||     5
  Dodge: Dodged            ||    11

Table legend: (Time is in decaauts)
 A = Elapsed time spent in this place.
 B = Non-inter-level travel time spent in this place.
 C = Inter-level travel time spent in this place.
 D = Time resting spent in this place.
 E = Time spent auto-exploring this place.
 F = Levels seen in this place.
 G = Mean time per level.
                   A        B        C        D        E       F      G
               +--------+--------+--------+--------+--------+-----+--------+
         Total |    135 |    135 |      0 |      0 |     98 |   1 |  135.0 |
       Dungeon |    135 |    135 |      0 |      0 |     98 |   1 |  135.0 |
               +--------+--------+--------+--------+--------+-----+--------+

Top non-repeatable levels by time:
     D:1: 135 daAuts
